Map: 2000 Atmospheres LE

Players

A.I. 1 (Very Easy) - Winner!

  • Race: Zerg Zerg

Jaedolph

  • Race: Terran Terran
  • League: Master

VOD

Have the link to the VOD?

Description

testing

Time

  • Played on: Sept. 17, 2021, 11:14 p.m.
  • Length: 9:17
Show
View Real Time Build Order
Export as new Build Order

A.I. 1 (Very Easy) Zerg - Winner!

Build Orders: Hatch First 

Get SALT Encoding   

  12  0:01  Drone  
  13  0:12  Overlord  
  13  0:16  Drone  
  14  0:40  Hatchery  
  13  0:45  Drone  
  14  1:02  Spawning Pool  
  13  1:04  Drone  
  13  1:08  Extractor  
  13  1:11  Drone  
  14  1:19  Overlord  
  14  1:49  Zergling x2  
  14  1:51  Queen  
  14  1:52  Zergling x2  
  18  1:55  Roach Warren  
  18  1:59  Drone  
  18  2:04  Extractor  
  18  2:07  Drone  
  18  2:11  Zergling x2  
  19  2:17  Drone  
  20  2:24  Drone  
  21  2:31  Drone  
  22  2:38  Drone  
  23  2:45  Drone  
  23  2:49  Lair  
  24  2:54  Drone  
  25  3:22  Drone  
  26  3:29  Drone  
  27  3:36  Overlord, Drone  
  28  3:43  Drone  
  29  3:50  Drone  
  29  3:51  Spire  
  29  3:58  Drone  
  29  4:00  Overseer  
  30  4:05  Drone  
  30  4:06  Overseer  
  31  4:12  Drone  
  32  4:19  Drone  
  32  4:21  Overlord  
  33  4:26  Drone  
  34  4:33  Drone  
  35  4:39  Extractor  
  35  4:41  Drone  
  35  4:47  Extractor  
  35  4:48  Drone  
  35  4:55  Drone  
  36  5:02  Drone  
  36  5:04  Mutalisk  
  39  5:09  Drone  
  40  5:16  Drone  
  41  5:24  Drone  
  42  5:31  Drone  
  42  5:32  Overlord  
  43  5:38  Drone  
  43  5:42  Mutalisk  
  44  5:45  Drone  
  47  5:52  Drone  
  48  5:59  Drone  
Show
View Real Time Build Order
Export as new Build Order

Jaedolph Terran 

Build Orders: Liberator Opening, Reaper Expand 

Get SALT Encoding   

  12  0:00  SCV  
  13  0:12  SCV  
  14  0:17  Supply Depot  
  14  0:24  SCV  
  15  0:39  SCV  
  15  0:40  Barracks  
  16  0:44  Refinery  
  16  0:51  SCV  
  17  1:03  SCV  
  18  1:15  SCV  
  19  1:28  Orbital Command  
  19  1:29  Reaper  
  20  1:39  Command Center  
  20  1:51  Supply Depot  
  20  1:53  SCV  
  21  2:01  Marine  
  22  2:06  SCV  
  23  2:13  Refinery, Factory  
  23  2:19  SCV  
  24  2:24  Barracks Reactor  
  24  2:31  SCV  
  25  2:43  SCV  
  26  2:51  Orbital Command  
  26  2:55  SCV  
  27  3:00  Starport  
  27  3:07  SCV  
  27  3:08  Hellion x2  
  27  3:11  Barracks Tech Lab  
  32  3:14  Supply Depot  
  32  3:17  SCV  
  33  3:20  SCV  
  34  3:29  SCV  
  34  3:30  Hellion x2  
  34  3:32  SCV  
  40  3:36  Liberator  
  40  3:41  SCV  
  44  3:42  Stimpack  
  44  3:44  SCV  
  45  3:51  Hellion x2  
  45  3:53  SCV  
  50  3:56  SCV  
  50  3:59  Supply Depot  
  51  4:05  SCV  
  52  4:10  Command Center  
  52  4:12  SCV  
  53  4:17  SCV  
  53  4:22  Starport Reactor  
  53  4:23  Factory Tech Lab  
  54  4:26  Barracks  
  54  4:27  Barracks  
  54  4:28  SCV  
  54  4:30  SCV  
  56  4:34  Supply Depot  
  56  4:40  Marine, SCV  
  56  4:42  SCV  
  56  4:43  Siege Tank  
  62  4:48  Supply Depot  
  62  4:51  Engineering Bay  
  62  4:54  Engineering Bay  
  62  4:55  SCV  
  62  4:56  SCV  
  64  5:01  Marine  
  65  5:07  SCV  
  65  5:08  SCV, Refinery  
  65  5:09  Refinery  
  65  5:10  Starport Reactor  
  67  5:15  Marine x2  
  67  5:18  Terran Infantry Weapons Level 1  
  67  5:19  Marine, SCV  
  67  5:20  Marine  
  67  5:21  Marine  
  73  5:22  Terran Infantry Armor Level 1  
  73  5:23  Orbital Command  
  73  5:26  SCV  
  74  5:31  SCV  
  75  5:39  SCV  
  75  5:40  Marine x4  
  75  5:41  Marine  
  81  5:44  SCV  
  81  5:46  Supply Depot  
  81  5:49  Orbital Command, Medivac x2  
  86  5:57  Marine  
  86  5:59  Marine x3  
  86  6:00  Supply Depot, Marine  
  86  6:01  Supply Depot  
  91  6:07  Siege Tank  
  91  6:09  SCV x2  
  96  6:15  Marine, SCV  
  96  6:17  Marine  
  99  6:21  SCV  
  101  6:25  SCV, Armory  
  101  6:26  Marine x3  
  104  6:35  Marine x2  
  104  6:36  Combat Shield  
  106  6:41  Siege Tank, Medivac x2  
  106  6:43  Marine x2  
  115  6:47  Barracks  
  115  6:50  Barracks, SCV x2  
  115  6:53  Supply Depot x2  
  117  7:04  Supply Depot x2  
  117  7:14  SCV, Marine x5  
  117  7:15  Siege Tank, Medivac x2  
  128  7:17  SCV x2  
  132  7:26  SCV  
  132  7:29  SCV  
  134  7:32  SCV, Marine x2  
  134  7:33  Command Center  
  137  7:38  SCV  
  137  7:41  SCV  
  137  7:42  Barracks Reactor x2  
  137  7:43  Marine x2  
  137  7:44  Marine  
  141  7:50  Marine x2  
  144  7:52  SCV  
  144  7:56  Supply Depot  
  144  7:57  SCV  
  147  8:01  Marine x2  
  149  8:11  Barracks, Supply Depot  
  149  8:12  Barracks  
  149  8:13  Supply Depot, SCV  
  149  8:17  Marine x3, Siege Tank, Medivac  
  149  8:18  Barracks, Supply Depot  
  157  8:20  Marine x2  
  157  8:21  Marine  
  160  8:33  SCV  
  162  8:34  SCV  
  162  8:35  Marine x6  
  162  8:37  Marine x2  
  162  8:39  Marine  
  162  8:40  Factory  
  171  8:50  Supply Depot  
  171  8:52  Marine x3  
  171  8:53  Marine x3  
  171  8:55  Marine x2  
  184  8:57  Marine  
  184  9:01  Barracks Tech Lab  
  184  9:02  Barracks Tech Lab  
  187  9:09  Barracks Tech Lab  
Tags
 
Add a new tag
Caveats
  • Supply blocks, unpowered buildings, or Contaminate may cause inaccurate times.
  • Supply counts are checked every 10 seconds.